 Dungeon Crawl Stone Soup version 0.29-a0-464-g50448035db (webtiles) character file.

Game seed: 9333710517983183327

88 Bruhh the Magician (level 4, 0/27 HPs)
             Began as a Djinni Earth Elementalist on May 21, 2022.
             Slain by an orc
             ... wielding a +0 dagger of distortion
              (1 damage)
             ... on level 3 of the Dungeon.
             The game lasted 00:02:21 (3062 turns).

Bruhh the Magician (Djinni Earth Elementalist)      Turns: 3062, Time: 00:02:21

Health: 0/27       AC:  3    Str:  6 (7)  XL:     4   Next: 82%
Gold:   205        EV: 12    Int: 17 (19) God:
                   SH:  0    Dex: 12 (13)

rFire   + + .      SeeInvis .   (no weapon)
rCold   x . .      Faith    .   (no shield)
rNeg    . . .      Spirit   .   b - +0 robe
rPois   ∞          Reflect  .   (no helmet)
rElec   .          Harm     .   (no cloak)
rCorr   .          Rampage  .   (no gloves)
Will    .....      Rage     3%  (boots unavailable)
Stlth   ++........              (no amulet)
HPRegen 0.09/turn               (no ring)
MPRegen 0.00/turn               (no ring)

@: flying
A: sickness immunity, fire resistance 2, cold vulnerability 1, float, innate
caster, HP casting, extra vitality 1, berserk 2, frail 1, shaggy fur 1
a: no special abilities


You were on level 3 of the Dungeon.
You visited 1 branch of the dungeon, and saw 3 of its levels.

You collected 205 gold pieces.

Inventory:

Missiles
 a - 129 stones
 f - 3 atropa-tipped darts
Armour
 b - a +0 robe (worn)
Scrolls
 c - 2 scrolls of identify {unknown}
 e - 2 scrolls of immolation {unknown}
 g - a scroll of vulnerability {unknown}
 h - a scroll of magic mapping {unknown}
 i - a scroll of enchant armour {unknown}
 k - a scroll of teleportation {unknown}
 m - a scroll of summoning {unknown}
Potions
 j - a potion of curing {unknown}
 n - a potion of heal wounds {unknown}


   Skills:
 - Level 2.1 Dodging
 - Level 1.5 Stealth
 + Level 4.0 Spellcasting


You couldn't memorise any spells.
You knew the following spells:

 Your Spells              Type           Power      Damage    Failure   Level
a - Sandblast             Erth           34%        2d9       3%          1
b - Passwall              Tmut/Erth      14%        N/A       4%          2
c - Stone Arrow           Conj/Erth      34%        3d9       9%          3
d - Petrify               Tmut/Erth      17%        N/A       28%         4
e - Sting                 Tmut/Pois      68%        1d6       3%          1
Your spell library was empty.

Dungeon Overview and Level Annotations

Branches:
Dungeon (3/15)

Altars:
Qazlal
Ru


Innate Abilities, Weirdness & Mutations

You are immune to sickness and miasma.
You are immune to poison.
Your flesh is very heat resistant. (rF++)
You are vulnerable to cold. (rC-)
You float through the air rather than walking.
You learn spells naturally, not from books.
Your magical power is your life essence.
You have superior vitality. (+4 MHP)
You often lose your temper in combat.
You are frail. (-10% HP)
You are covered in fur. (AC +1)


Message History

You see here a hobgoblin corpse.
a - 119 stones (gained 23)
a - 132 stones (gained 13)
There is an open door here.
You see here a hobgoblin corpse.
As you open the door, it creaks loudly!
A hobgoblin and an orc come into view.
The orc is wielding a +0 dagger of distortion.
The orc shouts!
Found 21 stones.
The blast of sand hits the orc.
The orc is almost dead.
The orc hits you with a +0 dagger of distortion.
You blink.
The blast of sand hits the hobgoblin.
The hobgoblin is almost dead.
The hobgoblin hits you.
The blast of sand hits the orc but does no damage.
The orc is almost dead.
The orc hits you with a +0 dagger of distortion.
Space warps horribly around you!!
Ouch! That really hurt!
* * * LOW HITPOINT WARNING * * *
The hobgoblin closely misses you.
It was a potion of mutation.
You feel extremely strange.
You feel frail.
You feel a little pissed off.
You feel angry. Fur sprouts all over your body.
The hobgoblin hits you but does no damage.
The orc closely misses you.
Casting: Sandblast (safe; 2% risk of failure)
Confirm with . or Enter, or press ? or * to list all spells.
You don't have enough health to cast this spell.
Casting: Sandblast (safe; 2% risk of failure)
Confirm with . or Enter, or press ? or * to list all spells.
You don't have enough health to cast this spell.
It was a potion of degeneration.
There was something very wrong with that liquid.
You feel weakened.
You feel dopey.
You feel clumsy.
The orc hits you with a +0 dagger of distortion.
You die...

#.# ##.#..#.⌠.#..#.# #.# #.#
#.#..#...#).#.####.. #.#
#.#)###..#'##....... #.#
#.#(..#.......###... #.#
#.#...#..P....# #.## #.#####
##.#..)'..####.# #... #^....#
#..#####..†..#.# ##.. #####.#
#..#.g'...#[.#.# #..
##.######..#@o#...####.## #.#
#..........####.........# #.#
#..#######..............# #.#
#..# ##.......#.#.#.# #.#
####..#############.###..).###.#
#>........... ..## ##.##.....
#(##...##### #.#.###..##.#.#.
#.##.#..# #. #.#>#.##..###
#<##....# ## #.##....## #


You could see an orc and a hobgoblin.

Vanquished Creatures
  2 adders (D:2)
  A worm (D:2)
  2 dart slugs (D:1)
  3 orcs (D:3)
  9 ball pythons
  6 endoplasms
  3 giant cockroaches
  9 goblins
  4 hobgoblins
  2 kobolds (D:2)
  3 quokkas
  5 bats
  3 frilled lizards
  4 rats
56 creatures vanquished.

Notes
Turn   | Place    | Note
-------+----------+-------------------------------------------
     0 | D:1      | Bruhh the Djinni Earth Elementalist began the quest for the
                  | Orb.
     0 | D:1      | Reached XP level 1. HP: 15/15 MP: 0/0
   213 | D:1      | Reached XP level 2. HP: 16/21 MP: 0/0
   661 | D:1      | Found a faded altar of an unknown god.
   676 | D:1      | Reached skill level 3 in Spellcasting
   966 | D:1      | Reached XP level 3. HP: 25/25 MP: 0/0
   966 | D:1      | Learned a level 1 spell: Sting
  1664 | D:2      | Reached XP level 4. HP: 25/31 MP: 0/0
  1815 | D:2      | Identified the +0 ring mail of Howling Wind {rF+ Dex+2}
  2416 | D:3      | Found a stormy altar of Qazlal.
  2654 | D:3      | Found a sacrificial altar of Ru.
  2920 | D:3      | Reached skill level 4 in Spellcasting
  3060 | D:3      | HP: 1/31 [orc/+0 dagger of distortion (21)]
  3061 | D:3      | Gained mutation: You are frail. (-10% HP) [potion of
                  | mutation]
  3061 | D:3      | Gained mutation: You tend to lose your temper in combat.
                  | [potion of mutation]
  3061 | D:3      | Gained mutation: You often lose your temper in combat.
                  | [potion of mutation]
  3061 | D:3      | Gained mutation: You are covered in fur. (AC +1) [potion of
                  | mutation]
  3062 | D:3      | Slain by an orc

Illustrated notes

Levels and vault maps discovered:
D:1:      lemuel_arrival_lava_pool, layout_loops_ring,
          dreamdust_ecumenical_altar_angels_and_demons
D:2:      layout_loops_cross, serial_aquarium, aquarium_bridge_square
          [aquarium_subvault_bridge, aquarium_subvault_window,
          aquarium_subvault_bridge, aquarium_subvault_wall],
          aquarium_bridge_square [aquarium_subvault_window,
          aquarium_subvault_bridge, aquarium_subvault_bridge,
          aquarium_subvault_window], aquarium_window_1, aquarium_window_2,
          aquarium_view_4
D:3:      corexii_shack_village, layout_loops_ring, lemuel_tele_altar,
          mainiacjoe_overflow_surrounded_room, serial_shops, shop_statue

Skill      XL: |  1  2  3  4 |
---------------+-------------+-----
Spellcasting   | 3 4 |  4.0
Dodging        | |  2.1
Stealth        | |  1.5

Action                   |  1- 3 |  4- 6 || total
-------------------------+-------+-------++-------
Melee: Unarmed           |    11 |     4 ||    15
 Cast: Sandblast         |    47 |    48 ||    95
  Use: Potion            |       |     2 ||     2
 Stab: Sleeping          |     1 |     1 ||     2
Armor: Robe              |     7 |     6 ||    13
Dodge: Dodged            |    23 |    12 ||    35

Table legend: (Time is in decaauts)
 A = Elapsed time spent in this place.
 B = Non-inter-level travel time spent in this place.
 C = Inter-level travel time spent in this place.
 D = Time resting spent in this place.
 E = Time spent auto-exploring this place.
 F = Levels seen in this place.
 G = Mean time per level.
                   A        B        C        D        E       F      G
               +--------+--------+--------+--------+--------+-----+--------+
         Total |   3061 |   2988 |     73 |      0 |   2680 |   3 | 1020.3 |
       Dungeon |   3061 |   2988 |     73 |      0 |   2680 |   3 | 1020.3 |
               +--------+--------+--------+--------+--------+-----+--------+

Top non-repeatable levels by time:
     D:1: 1272 daAuts
     D:2: 1103 daAuts
     D:3: 685 daAuts
